 Dungeon Crawl Stone Soup version 0.14-a0-2001-g390038d (webtiles) character file.

224 Kae the Firebug (level 4, -6/24 HPs)
             Began as a Tengu Fire Elementalist on Jan 18, 2014.
             Killed by divine providence
             ... invoked by an orc priest
              (15 damage)
             ... on Level 3 of the Dungeon.
             The game lasted 00:03:28 (3225 turns).

Kae the Firebug (Tengu Fire Elementalist)           Turns: 3225, Time: 00:03:29

HP  -6/24        AC  3     Str  8      XL: 4   Next: 83%
MP   1/8         EV 12     Int 16      God:
Gold 119         SH  0     Dex 15      Spells:  3 memorised,  1 level left

rFire  . . .     SeeInvis .     p - +1,+0 dwarf hand axe
rCold  . . .     Clarity  .     i - +0 robe (curse)
rNeg   . . .     Conserve .     (no shield)
rPois  .         rCorr    .     (helmet restricted)
rElec  .         rRot     .     (no cloak)
SustAb . .       Spirit   .     j - +0 pair of gloves
rMut   .         Warding  .     (boots unavailable)
Saprov . . .     Stasis   .     (no amulet)
MR     .....                    (no ring)
                                (no ring)

@: very slightly contaminated, not resistant to hostile enchantments, fairly
stealthy
A: beak, talons 3
a: no special abilities


You were on level 3 of the Dungeon.
You were hungry.

You visited 1 branch of the dungeon, and saw 3 of its levels.

You collected 119 gold pieces.

Inventory:

Hand weapons
 p - a +1,+0 dwarven hand axe (weapon)
Armour
 a - a +0 robe
 i - a cursed +0 robe (worn)
 j - a +0 pair of gloves (worn)
Comestibles
 c - 3 bread rations
 q - 3 meat rations
Scrolls
 e - 3 scrolls of identify {unknown}
 g - a scroll of blinking {unknown}
 h - 4 scrolls of remove curse {unknown}
 k - a scroll of noise {unknown}
 n - a scroll of amnesia {unknown}
 o - a scroll of curse weapon {unknown}
Jewellery
 d - a cursed ring of teleportation {unknown}
 m - an uncursed amulet of rage {unknown}
Potions
 f - 3 potions of heal wounds {unknown}
 l - a potion of agility {unknown}
 r - a potion of lignification {unknown}
Books
 b - a book of Flames

   Spells                             Type                      Level
   *Flame Tongue                      Conjuration/Fire             1
   *Throw Flame                       Conjuration/Fire             2
   *Conjure Flame                     Conjuration/Fire             3
   Inner Flame                        Hexes/Fire                   3
   Sticky Flame                       Conjuration/Fire             4
   Fireball                           Conjuration/Fire             5


   Skills:
 - Level 2.1 Dodging
 - Level 2.0 Stealth
 - Level 2.0 Spellcasting
 * Level 4.0 Conjurations
 * Level 4.9 Fire Magic


You had one spell level left.
You knew the following spells:

 Your Spells              Type           Power        Failure   Level  Hunger
a - Flame Tongue          Conj/Fire      ###..        4%          1    #......
b - Throw Flame           Conj/Fire      ###...       8%          2    ###....
c - Conjure Flame         Conj/Fire      ###.....     12%         3    ####...


Dungeon Overview and Level Annotations

Branches:
Dungeon (3/16)

Altars:


Innate Abilities, Weirdness & Mutations

You have a beak for a mouth.
You have claws for feet.


Message History

Casting: Flame Tongue
Confirm with . or Enter, or press ? or * to list all spells.
Aiming: Flame Tongue
Press: ? - help, Shift-Dir - straight line, f/p - orc
Aim: an orc, wielding an orcish trident (lightly wounded)
The flame hits the orc.
The orc is moderately wounded.
The orc misses you. The orc closely misses you.
Casting: Flame Tongue
Confirm with . or Enter, or press ? or * to list all spells.
Aiming: Flame Tongue
Press: ? - help, Shift-Dir - straight line, f/p - orc
Aim: an orc, wielding an orcish trident (lightly wounded)
The flame hits the orc.
You kill the orc!
The orc closely misses you.
The orc priest mumbles some strange prayers to Beogh against you.
Something smites you!
Ouch! That really hurt!
You die...

.........[...#........
.>..............######
....................#
......#####.#.#.###.
.....## #.#..# ....
#....# ### ###.?#
#.#.# #@# .. #)# .#


.oo # ##.#. ###.# # You could see an orc priest and an orc.

Vanquished Creatures
  Terence (D:2)
  2 adders (D:2)
  A worm (D:2)
  4 giant geckos
  2 orcs (D:3)
  2 giant cockroaches (D:2)
  8 goblins
  8 hobgoblins
  7 jackals (D:1)
  7 bats
  3 giant newts
  9 kobolds
  7 rats
61 creatures vanquished.

Notes
Turn   | Place    | Note
--------------------------------------------------------------
     0 | D:1      | Kae, the Tengu Fire Elementalist, began the quest for the Orb.
     0 | D:1      | Reached XP level 1. HP: 10/10 MP: 3/3
   217 | D:1      | Reached XP level 2. HP: 6/15 MP: 3/5
   965 | D:1      | Reached skill level 4 in Fire Magic
  1015 | D:1      | Reached XP level 3. HP: 7/19 MP: 4/7
  2149 | D:2      | Noticed Terence
  2154 | D:2      | Learned a level 2 spell: Throw Flame
  2158 | D:2      | Learned a level 3 spell: Conjure Flame
  2282 | D:2      | Killed Terence
  2282 | D:2      | Reached XP level 4. HP: 5/24 MP: 0/8
  3225 | D:3      | Killed from afar by an orc priest

Action                   |  1- 3 |  4- 6 || total
-------------------------+-------+-------++-------
Melee: Unarmed           |    83 |       ||    83
       Hand axe          |       |    19 ||    19
 Cast: Flame Tongue      |    53 |    26 ||    79
       Conjure Flame     |     1 |       ||     1
       Throw Flame       |     1 |       ||     1
 Stab: Distracted        |       |     1 ||     1
       Sleeping          |       |     1 ||     1
